 Dungeon Crawl Stone Soup version 0.22.0-49-gab54619 (webtiles) character file.

1318 Folque the Vexing (level 8, -8/72 HPs)
             Began as an Ogre Arcane Marksman on Sept 6, 2018.
             Was a Believer of Zin.
             Mangled by a hornet (15 damage)
             ... on level 6 of the Dungeon.
             The game lasted 00:51:49 (7721 turns).

Folque the Vexing (Ogre Arcane Marksman)            Turns: 7721, Time: 00:51:59

Health: -8/72      AC:  4    Str: 15    XL:     8   Next: 59%
Magic:  2/24       EV: 10    Int: 14    God:    Zin [**....]
Gold:   82         SH:  0    Dex: 11    Spells: 4/17 levels left

rFire    . . .     SeeInvis .   g - +0 whip (elec)
rCold    . . .     Gourm    .   (no shield)
rNeg     . . .     Faith    .   a - +1 robe
rPois    .         Spirit   .   (helmet restricted)
rElec    .         Reflect  .   (no cloak)
rCorr    .         Harm     .   (gloves unavailable)
MR       .....                  (boots unavailable)
Stlth    +.........             (no amulet)
HPRegen  0.22/turn              v - ring of magical power
MPRegen  0.19/turn              (no ring)

@: lethally poisoned (-8 -> -12), about to teleport, slowed, very slow
A: large, unfitting armour, tough skin 1
a: Recite, Vitalisation, Donate Gold, Renounce Religion


You were on level 6 of the Dungeon.
You worshipped Zin.
Zin was pleased with you.
You were near starving.

You visited 1 branch of the dungeon, and saw 6 of its levels.

You collected 216 gold pieces.
You spent 42 gold pieces at shops.
You donated 92 gold pieces to Zin.

Inventory:

Hand Weapons
 g - a +0 whip of electrocution (weapon)
 h - a +0 halberd
 r - a +0 hunting sling
 t - a +0 great sword
 y - a +0 giant club
 A - a +1 dagger of holy wrath
Missiles
 d - 2 throwing nets (quivered)
 j - 52 sling bullets
Armour
 a - a +1 robe (worn)
Jewellery
 v - a ring of magical power (left hand)
Wands
 o - a wand of flame (38)
 u - a wand of scattershot (2)
Scrolls
 b - 5 scrolls of identify
 e - 3 scrolls of magic mapping {unknown}
 p - a scroll of enchant weapon {unknown}
 q - a scroll of amnesia {unknown}
 s - 3 scrolls of remove curse
 w - 6 scrolls of teleportation
 x - a scroll of fear {unknown}
Potions
 i - a potion of curing
 k - a potion of mutation
 l - a potion of cancellation {unknown}
 m - a potion of agility
 n - a potion of brilliance
 z - a potion of heal wounds {unknown}
Comestibles
 f - 8 rations
 B - a chunk of flesh


   Skills:
 - Level 2.0 Fighting
 - Level 1.4(2.1) Slings
 - Level 3.0(3.3) Throwing
 - Level 1.7 Dodging
 - Level 5.0 Spellcasting
 + Level 6.2 Hexes
 - Level 1.0 Translocations
 - Level 2.1 Fire Magic
 * Level 4.9 Invocations


You had 4 spell levels left.
You knew the following spells:

 Your Spells              Type           Power        Failure   Level  Hunger
a - Corona                Hex            ###....      1%          1    None
b - Slow                  Hex            ###.....     1%          2    ##.....
c - Portal Projectile     Hex/Tloc       ##....       12%         3    ###....
d - Inner Flame           Hex/Fire       ###.....     10%         3    ###....
e - Cause Fear            Hex            ###.......   13%         4    ####...

Your spell library contained the following spells:

 Spells                   Type           Power        Failure   Level  Hunger
 Leda's Liquefaction      Hex/Erth       ##........   43%         4    ####...


Dungeon Overview and Level Annotations

Branches:
Dungeon (6/15)
 Temple: D:4-7

Altars:
Cheibriados
Dithmenos
Makhleb
Okawaru
Zin

Shops:
D:4 ?


Innate Abilities, Weirdness & Mutations

You are too large for most types of armour.
You have tough skin. (AC +1)


Message History

You feel sick. The hornet closely misses you. The worker ant barely misses you.
The hornet stings you but does no damage.
You closely miss the worker ant.
The worker ant is heavily wounded.
You feel sick.
The worker ant bites you but does no damage.
The hornet stings you!
You suddenly lose the ability to move!
You can move again.
As you read the scroll of teleportation, it crumbles to dust.
You feel strangely unstable.
You feel sick. The hornet stings you!
You feel yourself slow down. The worker ant closely misses you.
The phantom blinks!
The hornet barely misses you. The worker ant bites you.
You barely miss the worker ant.
The worker ant is heavily wounded.
You feel yourself speed up.
You feel sick. The hornet stings you!
* * * LOW HITPOINT WARNING * * *
You feel yourself slow down. The worker ant closely misses you.
The hornet stings you!
You die...

#.##.# ...#.##
#.##.#
........##.##.# #.#
#.......# #.#
####.####
#.##.#####.#
#W##.......#######
#y########.......#
#@#### #.#####.#
#a##.# #.# #.#
#g#.#.####.#####.#
#go###.o.o.....#.#
#ยง#.#.####.###[#.#
#...#g## #.......#
#.......#
######o###
#)......# #o.o...#
####.#### #.######


You could see a phantom, a hornet, a worker ant, an orc priest and 2 gnolls.

Vanquished Creatures
  A sky beast (D:5)
  An ice beast (D:5)
  An ogre (D:4)
  2 bullfrogs (D:6)
  3 scorpions
  A howler monkey (D:4)
  4 crimson imps (D:5)
  2 jellies
  3 hounds
  An iguana (D:5)
  5 orc wizards
  3 worker ants
  2 worker ant zombies (D:5)
  3 gnolls (D:3)
  5 adders
  2 shadow imps
  An ooze (D:2)
  A worm (D:3)
  An adder skeleton (D:4)
  A dart slug (D:1)
  9 leopard geckos
  4 orcs
  11 bats
  8 giant cockroaches
  8 hobgoblins
  16 jackals
  2 quokkas
  A ball python (D:1)
  7 frilled lizards
  2 goblins (D:3)
  2 kobolds
  5 rats
118 creatures vanquished.

Vanquished Creatures (others)
  A frilled lizard (D:1)
1 creature vanquished.

Grand Total: 119 creatures vanquished

Notes
Turn   | Place    | Note
-------+----------+-------------------------------------------
     0 | D:1      | Folque the Ogre Arcane Marksman began the quest for the
                  | Orb.
     0 | D:1      | Reached XP level 1. HP: 19/19 MP: 2/2
   359 | D:1      | Reached XP level 2. HP: 25/27 MP: 1/5
   431 | D:1      | Learned a level 2 spell: Slow
   915 | D:1      | Reached skill level 3 in Hexes
  1075 | D:1      | Reached XP level 3. HP: 33/33 MP: 7/7
  1089 | D:1      | Learned a level 3 spell: Portal Projectile
  1830 | D:2      | Reached XP level 4. HP: 42/42 MP: 5/8
  1923 | D:2      | Found an iron altar of Okawaru.
  1929 | D:2      | Reached skill level 1 in Translocations
  2510 | D:3      | Found a snail-covered altar of Cheibriados.
  2546 | D:3      | Reached XP level 5. HP: 31/49 MP: 2/10
  2552 | D:3      | Learned a level 3 spell: Inner Flame
  2860 | D:3      | Reached skill level 1 in Slings
  3622 | D:4      | Found Piazyafu's Magic Scroll Emporium.
  3625 | D:4      | Bought a scroll of teleportation for 42 gold pieces
  3642 | D:4      | Reached skill level 1 in Fire Magic
  3642 | D:4      | Reached XP level 6. HP: 32/57 MP: 0/12
  3706 | D:4      | HP: 1/57 [ogre/giant club (26)]
  4541 | D:4      | Reached XP level 7. HP: 62/65 MP: 6/13
  4634 | D:4      | Reached skill level 4 in Hexes
  5008 | D:4      | Found a glowing silver altar of Zin.
  5011 | D:4      | Found a burning altar of Makhleb.
  5015 | D:4      | Found a shadowy altar of Dithmenos.
  5024 | D:4      | Became a worshipper of Zin the Law-Giver
  5025 | D:4      | Donated 37 gold pieces to Zin
  5064 | D:5      | Entered Level 5 of the Dungeon
  5100 | D:5      | Reached * piety under Zin
  5248 | D:5      | Reached skill level 5 in Spellcasting
  5258 | D:5      | Learned a level 4 spell: Cause Fear
  5591 | D:5      | Reached skill level 5 in Hexes
  5821 | D:5      | Reached skill level 1 in Invocations
  5943 | D:5      | Reached XP level 8. HP: 21/72 MP: 1/15
  6931 | D:5      | Donated 38 gold pieces to Zin
  7052 | D:5      | Found a snail-covered altar of Cheibriados.
  7232 | D:5      | Reached ** piety under Zin
  7271 | D:5      | Reached skill level 6 in Hexes
  7714 | D:6      | Noticed a hornet
  7719 | D:6      | Paralysed by a hornet for 1 turns
  7721 | D:6      | Mangled by a hornet

Skill      XL: |  1  2  3  4  5  6  7  8 |
---------------+-------------------------+-----
Spellcasting   | 2 3 4 5 |  5.0
Hexes          | 3 5 6 |  6.2
Fighting       | 2 |  2.0
Translocations | 1 |  1.0
Throwing       | 3 |  3.0
Slings         | 1 |  1.4
Fire Magic     | 1 2 |  2.1
Invocations    | 2 4 |  4.9
Dodging        | |  1.7

Action                   |  1- 3 |  4- 6 |  7- 9 || total
-------------------------+-------+-------+-------++-------
Melee: Unarmed           |    37 |       |       ||    37
       Club              |    23 |       |       ||    23
       Whip              |    87 |   146 |    67 ||   300
       Great sword       |       |       |    30 ||    30
       Dagger            |       |       |    20 ||    20
 Fire: Hunting sling     |       |     5 |    36 ||    41
Throw: Large rock        |     2 |    11 |    27 ||    40
       Throwing net      |       |       |     1 ||     1
 Cast: Corona            |    33 |    41 |    33 ||   107
       Slow              |     4 |    17 |    28 ||    49
       Portal Projectile |       |     2 |    13 ||    15
       Inner Flame       |       |     2 |     9 ||    11
       Cause Fear        |       |       |     3 ||     3
Invok: Recite            |       |       |    13 ||    13
       Donate Gold       |       |       |     3 ||     3
Evoke: Wand              |       |       |     1 ||     1
  Use: Scroll            |     2 |     5 |     1 ||     8
       Potion            |       |     1 |     3 ||     4
 Stab: Sleeping          |     1 |       |       ||     1
  Eat: Chunk             |     4 |     8 |     4 ||    16
       Ration            |       |     1 |     2 ||     3
Armor: Robe              |    44 |    72 |    62 ||   178
Dodge: Dodged            |    97 |   119 |    92 ||   308
       Rpst.: Great sword |       |       |     8 ||     8
